 Dungeon Crawl Stone Soup version 0.31.0-11-ge490571c62 (webtiles) character file.

Game seed: 6970743891289404408

813 qw the Shooter (level 7, -3/35 HPs)
             Began as a Spriggan Hunter on Feb 4, 2024.
             Was a Believer of Okawaru.
             Slain by a killer bee (6 damage)
             ... on level 5 of the Dungeon.
             The game lasted 00:00:15 (3422 turns).

qw the Shooter (Spriggan Hunter)                    Turns: 3422, Time: 00:00:15

Health: -3/35      AC:  2    Str:  7    XL:     7   Next: 61%
Magic:  10/10      EV: 22    Int: 11    God:    Okawaru [**....]
Gold:   241        SH:  0    Dex: 20    Spells: 6/6 levels left

rFire   . . .        a - +0 shortbow
rCold   . . .        (shield currently unavailable)
rNeg    . . .        c - +0 robe
rPois   .            (helmet restricted)
rElec   .            (no cloak)
rCorr   +            (gloves unavailable)
SInv    +            (boots unavailable)
Will    +....        (no amulet)
Stlth   ++           e - ring of resist corrosion
HPRegen 0.25/turn    (no ring)
MPRegen 0.12/turn

%: no passive effects
@: lethally poisoned (-3 -> -13), very quick
A: very small, no large weapons, unfitting armour, see invisible, speed 3
a: Renounce Religion, Heroism


You were on level 5 of the Dungeon.
You worshipped Okawaru.
Okawaru was pleased with you.
You visited 1 branch of the dungeon, and saw 5 of its levels.

You collected 241 gold pieces.


Innate Abilities, Weirdness & Mutations

You are very small and have problems with some larger weapons.
You are too small for most types of armour.
You have supernaturally acute eyesight. (SInv)
You cover ground extremely quickly. (Speed+++)


   Skills:
 - Level 2.0 Fighting
 - Level 7.0 Ranged Weapons
 + Level 6.7 Dodging
 - Level 1.5 Stealth
 + Level 3.7 Invocations


You had 6 spell levels left.
You didn't know any spells.
Your spell library was empty.

Inventory:

Hand Weapons
 a - a +0 shortbow (weapon)
Armour
 c - a +0 robe (worn)
Jewellery
 e - a ring of resist corrosion (left hand)
 f - an amulet of faith
Scrolls
 b - a scroll of identify
 j - a scroll of blinking {unknown}
Potions
 d - a potion of berserk rage {unknown}
 g - 2 potions of curing
 h - a potion of resistance {unknown}
 i - a potion of might
 k - a potion of enlightenment {unknown}

Dungeon Overview and Level Annotations

Branches:
Dungeon (5/15)             Temple (0/1) D:4

Altars:
Okawaru
Uskayaw


Message History

You shoot an arrow.
The arrow hits the killer bee but does no damage.
The killer bee closely misses you. The killer bee stings you!
You shoot an arrow.
The arrow closely misses the killer bee.
The arrow barely misses the killer bee.
The killer bee misses you. The killer bee closely misses you.
A killer bee comes into view.
You shoot an arrow. The killer bee buzzes angrily.
The arrow hits the killer bee but does no damage.
You hear an angry buzzing noise.
The killer bee misses you.
You shoot an arrow.
The arrow closely misses the killer bee. x2
The killer bee stings you.
You are poisoned.
The killer bee poisons you!
You shoot an arrow. The arrow hits the killer bee.
The killer bee is lightly wounded.
You feel very sick.
The killer bee completely misses you. x2
You shoot an arrow. The arrow hits the killer bee.
The killer bee is moderately wounded.
You feel sick.
You hear an angry buzzing noise.
The killer bee closely misses you. The killer bee barely misses you.
You shoot an arrow. The arrow misses the killer bee.
The arrow hits the killer bee!
The killer bee is heavily wounded.
You feel sick. The killer bee stings you! The killer bee stings you.
You are lethally poisoned!
The killer bee poisons you!
You shoot an arrow. The arrow misses the killer bee.
The arrow hits the killer bee!
You kill the killer bee!
Okawaru accepts your kill.
You feel very sick. The killer bee misses you. The killer bee stings you.
You die...

+.........'..%.... .
#.#.......#...#... ..
#.#.......#...##.. ..y
#.#.......#....##. ...y
#.#.......########
#....##.####....########
#.y.y.....|..........
#y####....#....###
####@# #............
#....# #...#.....###
###'######)..#.....#
#.........####.....#
#.........# #.....+
#.........# #.....#
#.........# #.....#
#.........# #.....#
#.........#


You could see 2 killer bees.

Vanquished Creatures
  3 ogres
  2 phantoms (D:5)
  A scorpion (D:5)
  A killer bee (D:5)
  3 hounds
  A jelly (D:4)
  Natasha (D:4)
  An iguana (D:5)
  An orc wizard (D:4)
  Robin (D:2)
  A gnoll (D:1)
  3 adders
  A ribbon worm (D:3)
  4 dart slugs
  8 orcs
  5 ball pythons
  4 bats
  5 endoplasms
  A giant cockroach (D:3)
  21 goblins
  5 hobgoblins
  8 jackals
  3 quokkas
  5 kobolds
  8 rats
97 creatures vanquished.

Notes
Turn   | Place    | Note
-------+----------+-------------------------------------------
     0 | D:1      | qw the Spriggan Hunter began the quest for the Orb.
     0 | D:1      | Reached XP level 1. HP: 10/10 MP: 2/2
     0 | D:1      | 0 ||| qw: Version: 0.3-a-160-g6735b56
     0 | D:1      | 0 ||| qw: Game counter: 4468
     0 | D:1      | 0 ||| qw: Melee chars always use a shield: true
     0 | D:1      | 0 ||| qw: God list: Okawaru
     0 | D:1      | 0 ||| qw: Allow faded altars: false
     0 | D:1      | 0 ||| qw: Do Orc after clearing Dungeon:15 true
     0 | D:1      | 0 ||| qw: Do second Lair branch before Depths: true
     0 | D:1      | 0 ||| qw: Lair rune preference: random
     0 | D:1      | 0 ||| qw: Goals: Normal
     0 | D:1      | 0 ||| PLANNING D:1-11
    20 | D:1      | Reached skill level 3 in Dodging
    58 | D:1      | Reached XP level 2. HP: 11/14 MP: 3/3
   370 | D:1      | Reached XP level 3. HP: 13/18 MP: 4/4
   451 | D:1      | 451 ||| READING scroll labelled KUELOY DAEVOGU.
   451 | D:1      | 451 ||| IDENTIFYING fizzy green potion
   452 | D:1      | 452 ||| READING scroll labelled OBIDOOR LEO.
   453 | D:1      | 453 ||| READING scroll labelled BOOREK CUTI.
   554 | D:1      | 554 ||| DRINKING 3 emerald potions.
   555 | D:1      | 555 ||| DRINKING 2 red potions.
   556 | D:1      | 556 ||| DROPPING scroll of butterflies.
   557 | D:1      | 557 ||| DROPPING potion of lignification.
   558 | D:1      | 558 ||| DROPPING potion of brilliance.
   607 | D:2      | Found a faded altar of an unknown god.
   771 | D:2      | Reached skill level 5 in Ranged Weapons
   771 | D:2      | 771 ||| FLEEEEING.
   772 | D:2      | 772 ||| FLEEEEING.
   773 | D:2      | 773 ||| FLEEEEING.
   774 | D:2      | 774 ||| FLEEEEING.
   776 | D:2      | 776 ||| FLEEEEING.
   777 | D:2      | 777 ||| FLEEEEING.
   778 | D:2      | 778 ||| FLEEEEING.
   779 | D:2      | 779 ||| FLEEEEING.
   780 | D:2      | 780 ||| FLEEEEING.
   781 | D:2      | 781 ||| FLEEEEING.
   782 | D:2      | 782 ||| FLEEEEING.
   783 | D:2      | 783 ||| FLEEEEING.
   784 | D:2      | 784 ||| FLEEEEING.
   789 | D:2      | 789 ||| FLEEEEING.
   790 | D:2      | 790 ||| FLEEEEING.
   791 | D:2      | 791 ||| FLEEEEING.
   793 | D:2      | 793 ||| FLEEEEING.
   794 | D:2      | 794 ||| FLEEEEING.
   795 | D:2      | 795 ||| FLEEEEING.
   796 | D:2      | 796 ||| FLEEEEING.
   797 | D:2      | 797 ||| FLEEEEING.
   798 | D:2      | 798 ||| FLEEEEING.
   799 | D:2      | 799 ||| FLEEEEING.
   800 | D:2      | 800 ||| FLEEEEING.
   801 | D:2      | 801 ||| FLEEEEING.
   802 | D:2      | 802 ||| FLEEEEING.
   803 | D:2      | 803 ||| FLEEEEING.
   804 | D:2      | 804 ||| FLEEEEING.
   805 | D:2      | 805 ||| FLEEEEING.
   811 | D:2      | 811 ||| FLEEEEING.
   812 | D:2      | 812 ||| FLEEEEING.
   813 | D:2      | 813 ||| FLEEEEING.
   814 | D:2      | 814 ||| FLEEEEING.
   815 | D:2      | 815 ||| FLEEEEING.
   816 | D:2      | 816 ||| FLEEEEING.
   817 | D:2      | 817 ||| FLEEEEING.
   818 | D:2      | 818 ||| FLEEEEING.
   819 | D:2      | 819 ||| FLEEEEING.
   957 | D:2      | Reached XP level 4. HP: 15/22 MP: 5/5
   965 | D:2      | Noticed Robin
   972 | D:2      | Killed Robin
  1017 | D:2      | Found an iron altar of Okawaru.
  1018 | D:2      | 1018 ||| PLANNING OKAWARU WORSHIP
  1018 | D:2      | 1018 ||| READING scroll of identify.
  1018 | D:2      | 1018 ||| IDENTIFYING bubbling coppery potion
  1019 | D:2      | 1019 ||| READING scroll labelled QULEEH KASUE.
  1127 | D:2      | Became a worshipper of Warmaster Okawaru
  1128 | D:2      | 1128 ||| PLANNING D:1-11
  2017 | D:3      | 2017 ||| READING scroll of identify.
  2017 | D:3      | 2017 ||| IDENTIFYING fizzy inky potion
  2018 | D:3      | 2018 ||| READING scroll labelled WOIQ ZOF BAOMIU.
  2021 | D:3      | 2021 ||| DRINKING 2 bubbling green potions.
  2022 | D:3      | 2022 ||| DROPPING potion of ambrosia.
  2140 | D:4      | Noticed Natasha
  2146 | D:4      | Killed Natasha
  2147 | D:4      | Reached XP level 5. HP: 26/26 MP: 6/6
  2352 | D:4      | 2352 ||| FLEEEEING.
  2353 | D:4      | 2353 ||| FLEEEEING.
  2354 | D:4      | 2354 ||| FLEEEEING.
  2355 | D:4      | 2355 ||| FLEEEEING.
  2356 | D:4      | 2356 ||| FLEEEEING.
  2359 | D:4      | 2359 ||| FLEEEEING.
  2360 | D:4      | 2360 ||| FLEEEEING.
  2361 | D:4      | 2361 ||| FLEEEEING.
  2362 | D:4      | 2362 ||| FLEEEEING.
  2363 | D:4      | 2363 ||| FLEEEEING.
  2364 | D:4      | 2364 ||| FLEEEEING.
  2367 | D:4      | 2367 ||| FLEEEEING.
  2368 | D:4      | 2368 ||| FLEEEEING.
  2369 | D:4      | 2369 ||| FLEEEEING.
  2370 | D:4      | 2370 ||| FLEEEEING.
  2371 | D:4      | 2371 ||| FLEEEEING.
  2372 | D:4      | 2372 ||| FLEEEEING.
  2373 | D:4      | 2373 ||| FLEEEEING.
  2374 | D:4      | 2374 ||| FLEEEEING.
  2391 | D:4      | Found a staircase to the Ecumenical Temple.
  2432 | D:4      | Noticed an ogre
  2437 | D:4      | Killed an ogre
  2438 | D:4      | Reached skill level 6 in Ranged Weapons
  2438 | D:4      | Reached XP level 6. HP: 26/30 MP: 7/7
  2510 | D:4      | Reached * piety under Okawaru
  2763 | D:4      | 2763 ||| UPGRADING to ring of resist corrosion.
  2785 | D:5      | Entered Level 5 of the Dungeon
  2794 | D:5      | Reached skill level 1 in Invocations
  2827 | D:5      | Reached skill level 6 in Dodging
  2843 | D:5      | Reached XP level 7. HP: 10/35 MP: 9/9
  3037 | D:5      | Found a hide-covered altar of Uskayaw.
  3052 | D:5      | HP: 7/35 [scorpion (4)]
  3053 | D:5      | 3053 ||| READING scroll of teleportation.
  3054 | D:5      | 3054 ||| DRINKING potion of heal wounds.
  3074 | D:5      | Reached skill level 7 in Ranged Weapons
  3279 | D:5      | Reached skill level 3 in Invocations
  3381 | D:5      | Reached ** piety under Okawaru
  3413 | D:5      | 3413 ||| RETREEEEATING.
  3421 | D:5      | HP: 7/35 [killer bee (3)]
  3422 | D:5      | HP: 3/35 [poisoned by a killer bee]
  3422 | D:5      | Slain by a killer bee

Levels and vault maps discovered:
D:1:      saegor_arrival_simple_b, layout_basic
D:2:      layout_loops_ring, basic_ecumenical_altar, basic_altar, uniq_robin
D:3:      layout_basic
D:4:      layout_loops_cross, minmay_temple_entry_enclosed_plants, uniq_natasha
D:5:      layout_basic, lemuel_round_altar, serial_shops, shop,
          uniq_prince_ribbit1, uniq_crazy_yiuf_cottage

Skill      XL: |  1  2  3  4  5  6  7 |
---------------+----------------------+-----
Dodging        | 3 4 5 6 |  6.7
Ranged Weapons | 5 6 7 |  7.0
Fighting       | 2 |  2.0
Invocations    | 2 3 |  3.7
Stealth        | |  1.5

Action                     |  1- 3 |  4- 6 |  7- 9 || total
---------------------------+-------+-------+-------++-------
   Fire: Shortbow          |   114 |   159 |    80 ||   353
    Use: Scroll            |     3 |     4 |     1 ||     8
         Potion            |     2 |     1 |     1 ||     4
 Armour: Robe              |    16 |    22 |    23 ||    61
  Dodge: Dodged            |    57 |    64 |    57 ||   178

Table legend:
 A = Non-vault XP
 B = Vault XP
 C = Vault XP percentage of total XP
 D = Non-vault monster count
 E = Vault monster count
 F = Vault count percentage of total count
                 A         B        C        D         E       F
            +---------+---------+-------+---------+---------+-------
      Total |    1157 |      71 |   5.8 |      84 |      13 |  13.4
            +---------+---------+-------+---------+---------+-------
        D:1 |      58 |       0 |   0.0 |      26 |       0 |   0.0
        D:2 |      19 |      36 |  65.5 |      11 |      12 |  52.2
        D:3 |      57 |       0 |   0.0 |      20 |       0 |   0.0
        D:4 |     278 |      35 |  11.2 |      14 |       1 |   6.7
        D:5 |     745 |       0 |   0.0 |      13 |       0 |   0.0
            +---------+---------+-------+---------+---------+-------
